 Dungeon Crawl Stone Soup version 0.31-a0-1570-g93c622d222 (webtiles) character file.

Game seed: 4419186857368273973

5887 Lobster4 the Thaumaturge (level 11, -8/75 HPs)
             Began as a Djinni Hedge Wizard on Jan 3, 2024.
             Was a Priest of Nemelex Xobeh.
             Mangled by a troll (10 damage)
             ... on level 9 of the Dungeon.
             The game lasted 00:30:24 (10545 turns).

Lobster4 the Thaumaturge (Djinni Hedge Wizard)     Turns: 10545, Time: 00:30:25

Health: -8/75      AC:  5    Str: 13    XL:     11   Next: 8%
Gold:   618        EV: 14    Int: 22    God:    Nemelex Xobeh [***...] SH:  0 Dex: 20

rFire   + + .        a - +4 mace "Ytoyluc" {speed, rElec rC+ Will+ Str-2}
rCold   + . .        (no shield)
rNeg    . . .        F - +0 leather armour {rC+}
rPois   ∞            D - +0 helmet
rElec   +            (no cloak)
rCorr   .            x - +0 pair of gloves
SInv    .            (boots unavailable)
Will    ++...        (no amulet)
Stlth   ++           q - ring "Nymu" {Int+3 Dex+6}
HPRegen 0.32/turn    u - +6 ring of strength
MPRegen 0.00/turn

%: infuse magic (-9 HP)
@: about to teleport, flying, slowed, very slow
A: sickness immunity, fire resistance 2, cold vulnerability 1, float, innate
caster, HP casting, extra vitality 1
a: Renounce Religion, Draw Escape, Draw Destruction, Draw Summoning, Triple Draw


You were on level 9 of the Dungeon.
You worshipped Nemelex Xobeh.
Nemelex Xobeh was most pleased with you.
You visited 2 branches of the dungeon, and saw 11 of its levels.
You also visited: Ossuary.

You collected 618 gold pieces.

Inventory:

Hand Weapons
 a - the +4 mace "Ytoyluc" (weapon) {speed, rElec rC+ Will+ Str-2}
   (You found it on level 3 of the Dungeon)

   Str-2:     It affects your strength (-2).
   rC+:       It protects you from cold.
   rElec:     It insulates you from electricity.
   Will+:     It increases your willpower.
 r - a +2 vampiric dagger
 G - a +3 dagger of speed
 R - a +1 dagger of venom
Missiles
 f - 31 poisoned darts
 C - 6 javelins
 J - 7 boomerangs
 O - a throwing net
Armour
 b - a +0 kite shield
 x - a +0 pair of gloves (worn)
 D - a +0 helmet (worn)
 F - a +0 leather armour of cold resistance (worn)
 M - a +2 ring mail of fire resistance
Magical Staves
 l - a staff of cold
Jewellery
 q - the ring "Nymu" (left hand) {Int+3 Dex+6}
   (You acquired it on level 6 of the Dungeon)

   [ring of dexterity]

   Int+3:     It affects your intelligence (+3).
   Dex+6:     It affects your dexterity (+6).
 u - a +6 ring of strength (right hand)
 K - a ring of wizardry
 L - a ring of ice
Wands
 e - a wand of flame (6)
 Q - a wand of polymorph (9)
Scrolls
 i - a scroll of torment {unknown}
 j - 6 scrolls of teleportation
 o - 2 scrolls of noise {unknown}
 p - a scroll of enchant weapon {unknown}
 t - 2 scrolls of revelation {unknown}
 w - 3 scrolls of amnesia {unknown}
 y - 2 scrolls of silence {unknown}
 z - a scroll of poison {unknown}
 E - 3 scrolls of fear {unknown}
 I - a scroll of fog {unknown}
 N - a scroll of immolation {unknown}
 P - a scroll of blinking {unknown}
Potions
 d - 5 potions of cancellation
 g - 5 potions of brilliance
 h - 3 potions of haste
 k - a potion of lignification
 m - a potion of resistance
 s - 3 potions of mutation
 v - 2 potions of curing
 A - 6 potions of might
 B - 2 potions of ambrosia
 H - 2 potions of heal wounds


   Skills:
 + Level 5.1 Fighting
 - Level 4.0 Maces & Flails
 + Level 4.1 Armour
 + Level 4.1 Dodging
 - Level 2.0 Stealth
 + Level 0.8 Shields
 + Level 9.4 Spellcasting
 + Level 9.4 Conjurations
 + Level 9.4 Hexes
   Level 0.0 Charms
 + Level 9.4 Summonings
 + Level 9.4 Necromancy
 + Level 9.4 Translocations
   Level 0.0 Transmutations
 + Level 9.4 Fire Magic
 + Level 9.4 Ice Magic
 + Level 9.4 Air Magic
 + Level 9.4 Earth Magic
 + Level 9.4 Alchemy
 - Level 5.0 Invocations
 - Level 3.0 Evocations


You knew the following spells:

 Your Spells              Type           Power      Damage    Failure   Level
a - Magic Dart            Conj           100%       1d8       1%          1
b - Searing Ray           Conj           100%       2d8       1%          2
c - Scorch                Fire           100%       2d9       1%          2
d - Slow                  Hex            100%       N/A       1%          1
e - Summon Blazeheart Go  Fire/Summ      51%        N/A       1%          4
f - Animate Armour        Summ/Erth      100%       N/A       1%          4
g - Call Imp              Summ           100%       N/A       1%          2
m - Mephitic Cloud        Conj/Alch/Air  51%        N/A       1%          3
o - Apportation           Tloc           100%       N/A       1%          1
x - Blink                 Tloc           100%       N/A       1%          2
Your spell library was empty.

Dungeon Overview and Level Annotations

Branches:
Dungeon (10/15)            Temple (1/1) D:4            Lair (0/5) D:9
    Orc (0/2) D:9         Ossuary (visited)

Altars:
Ashenzari
Cheibriados
Dithmenos
Elyvilon
Fedhas
Gozag
Hepliaklqana
Makhleb
Nemelex Xobeh
Qazlal
Ru
Trog
Uskayaw
Wu Jian
Xom
Yredelemnul
Zin
The Shining One

Shops:
D:2 [


Innate Abilities, Weirdness & Mutations

You are immune to sickness and miasma.
You are immune to poison.
Your flesh is very heat resistant. (rF++)
You are vulnerable to cold. (rC-)
You float through the air rather than walking.
You learn spells naturally, not from books.
Your magical power is your life essence.
You have superior vitality. (+4 MHP)


Message History

The troll is lightly wounded.
Your cerulean imp disappears in a puff of smoke!
Casting: Magic Dart (safe; 1% risk of failure)
Confirm with . or Enter, or press ? or * to list all spells.
Aiming: Magic Dart (safe; 1% risk of failure)
Press: ? - help, Shift-Dir - straight line, f/p - troll
Aim: a troll (lightly wounded, ally target, 100% to hit)
The magic dart hits the troll.
The troll is lightly wounded.
Casting: Magic Dart (safe; 1% risk of failure)
Confirm with . or Enter, or press ? or * to list all spells.
Aiming: Magic Dart (safe; 1% risk of failure)
Press: ? - help, Shift-Dir - straight line, f/p - troll
Aim: a troll (lightly wounded, ally target, 100% to hit)
The magic dart hits the troll but does no damage.
The troll is lightly wounded.
The troll bites you. The troll claws you but does no damage.
The troll claws you!
* * * LOW HITPOINT WARNING * * *
The troll misses you. The troll claws you.
* * * LOW HITPOINT WARNING * * *
The troll claws you.
* * * LOW HITPOINT WARNING * * *
You fly upwards.
There is a stone staircase leading down here.
Okay, then.
You feel much better. The troll misses you.
The troll claws you but does no damage. The troll completely misses you.
As you read the scroll of teleportation, it crumbles to dust.
You feel strangely unstable. The troll bites you! The troll claws you!
* * * LOW HITPOINT WARNING * * *
The troll closely misses you. The troll bites you.
* * * LOW HITPOINT WARNING * * *
The troll claws you but does no damage. The troll claws you.
* * * LOW HITPOINT WARNING * * *
The troll attacks as it pursues you! The troll bites you!
* * * LOW HITPOINT WARNING * * *
The troll claws you!
You die...
Your body glows slightly and disappears.

.........#####.#.###.##..##.#....
###########.................8..⌠.
# #.##.#.###.###.#..'.... #
#.##....#...##.##.8.... ###
#.##......#....##.#.... ##.##
##.###...#...#####.##### #...#
#............# ##.##.#
#..#######..####.###..######.##.#
#...........÷..T@.....#.........#
)...######..#########.#.####.##.#
.........#..# #.....##.##.#
....####.#..# #.###.##.##.# ###.#
#.#..# #.# #....##.# # #.#
#.#..###### #.###.#####.# ###.#
#.#.......# #.....# #.# .##.##
#....####.# ###.### #.#
.#...######.# #.# #.# #.#


You could see a troll.

Vanquished Creatures
  A komodo dragon (D:9)
  A shadow (D:9)
  A yak (D:9)
  2 wyverns (D:9)
  A wraith (D:10)
  A steam dragon (D:8)
  2 water moccasins
  4 orc warriors (D:9)
  An ice beast (D:7)
  4 black bears
  3 sky beasts (D:7)
  3 ogres
  3 centaurs
  A phantom (D:6)
  4 kobold brigands
  3 bullfrogs
  2 gnoll sergeants
  4 scorpions
  A jelly (D:5)
  7 killer bees
  6 howler monkeys
  A bombardier beetle (D:7)
  3 orc priests (D:9)
  A gnoll bouda (D:6)
  4 hounds
  Jessica (D:2)
  An iguana (D:6)
  4 orc wizards
  Terence (D:3)
  A sleepcap (D:4)
  8 mummies (Ossuary)
  8 gnolls
  3 adders (D:2)
  A shadow imp (D:8)
  A white imp (D:6)
  5 dart slugs
  A ribbon worm (D:5)
  36 orcs
  4 ball pythons
  3 endoplasms
  A giant cockroach (D:2)
  7 goblins
  10 hobgoblins
  2 jackals (D:1)
  5 quokkas
  A bat (D:2)
  A frilled lizard (D:2)
  4 hobgoblin zombies (Ossuary)
  24 kobolds
  2 kobold zombies (Ossuary)
  2 rats
201 creatures vanquished.

Vanquished Creatures (collateral kills)
  A wraith (D:10)
  A water moccasin (D:9)
  A black bear (D:9)
  A bullfrog (D:8)
  A howler monkey (D:10)
  Ijyb (D:5)
  A gnoll (D:6)
  3 orcs
  A hobgoblin zombie (Ossuary)
  2 kobolds (D:9)
  A kobold zombie (Ossuary)
14 creatures vanquished.

Vanquished Creatures (others)
  A steam dragon (D:8)
1 creature vanquished.

Grand Total: 216 creatures vanquished

Notes
Turn   | Place    | Note
-------+----------+-------------------------------------------
     0 | D:1      | Lobster4 the Djinni Hedge Wizard began the quest for the
                  | Orb.
     0 | D:1      | Lobster4 set off with the following spells memorised: Magic
                  | Dart, Slow, Blink, Call Imp, Mephitic Cloud.
     0 | D:1      | Reached XP level 1. HP: 15/15 MP: 0/0
   130 | D:1      | Reached XP level 2. HP: 15/22 MP: 0/0
   553 | D:2      | Reached skill level 1 in Fighting
   553 | D:2      | Reached skill level 1 in Armour
   553 | D:2      | Reached XP level 3. HP: 10/27 MP: 0/0
   553 | D:2      | Learned a level 1 spell: Apportation
   806 | D:2      | You are sucked into a shaft and drop 1 floor!
   904 | D:2      | Noticed Jessica
   908 | D:2      | Killed Jessica
   909 | D:2      | Reached XP level 4. HP: 29/33 MP: 0/0
   988 | D:2      | Found Ugathih's Armour Emporium.
  1006 | D:2      | Found a faded altar of an unknown god.
  1313 | D:2      | Reached XP level 5. HP: 26/38 MP: 0/0
  1313 | D:2      | Learned a level 2 spell: Scorch
  1438 | D:3      | Noticed Terence
  1462 | D:3      | Killed Terence
  1648 | D:3      | Identified the +4 mace "Ytoyluc" {speed, rElec rC+ Will+
                  | Str-2}
  2449 | D:4      | Reached XP level 6. HP: 23/45 MP: 0/0
  2555 | D:4      | Found a staircase to the Ecumenical Temple.
  2561 | Temple   | Entered the Ecumenical Temple
  2604 | Temple   | Became a worshipper of Nemelex Xobeh the Trickster
  2973 | D:4      | Found a faded altar of an unknown god.
  2981 | D:4      | Found a hide-covered altar of Uskayaw.
  2983 | D:4      | Found a broken altar of Ashenzari.
  2985 | D:4      | Found a burning altar of Makhleb.
  3019 | D:5      | Entered Level 5 of the Dungeon
  3137 | D:5      | Reached * piety under Nemelex Xobeh
  3250 | D:5      | Noticed an ogre
  3258 | D:5      | Killed an ogre
  3316 | D:5      | Reached skill level 1 in Invocations
  3316 | D:5      | Reached skill level 1 in Evocations
  3316 | D:5      | Reached XP level 7. HP: 35/50 MP: 0/0
  3316 | D:5      | Learned a level 2 spell: Searing Ray
  3410 | D:5      | Noticed Ijyb
  3415 | D:5      | Killed Ijyb
  3416 | D:5      | Reached skill level 1 in Maces & Flails
  3444 | D:5      | Received a gift from Nemelex Xobeh
  4291 | D:6      | Identified a scroll of acquirement
  4291 | D:6      | Acquired the ring "Nymu" {Int+3 Dex+6}
  4547 | D:6      | Noticed an acid dragon
  4557 | D:6      | Reached XP level 8. HP: 43/58 MP: 0/0
  5049 | D:6      | Reached ** piety under Nemelex Xobeh
  5592 | D:7      | Found a sand-covered staircase.
  5666 | Ossuary  | Entered an ossuary
  5895 | Ossuary  | Reached XP level 9. HP: 57/64 MP: 0/0
  5895 | Ossuary  | Learned a level 4 spell: Animate Armour
  6031 | D:7      | Reached skill level 5 in Fighting
  6061 | D:7      | Reached skill level 5 in Spellcasting
  6061 | D:7      | Reached skill level 5 in Conjurations
  6061 | D:7      | Reached skill level 5 in Hexes
  6061 | D:7      | Reached skill level 5 in Summonings
  6061 | D:7      | Reached skill level 5 in Necromancy
  6061 | D:7      | Reached skill level 5 in Translocations
  6061 | D:7      | Reached skill level 5 in Fire Magic
  6061 | D:7      | Reached skill level 5 in Ice Magic
  6061 | D:7      | Reached skill level 5 in Air Magic
  6061 | D:7      | Reached skill level 5 in Earth Magic
  6061 | D:7      | Reached skill level 5 in Alchemy
  6737 | D:7      | Found a shadowy altar of Dithmenos.
  7389 | D:8      | Reached XP level 10. HP: 59/70 MP: 0/0
  7689 | D:8      | Reached *** piety under Nemelex Xobeh
  7812 | D:8      | HP: 2/70 [gnoll sergeant/+0 spear (6)]
  8063 | D:8      | Received a gift from Nemelex Xobeh
  8440 | D:9      | Noticed a komodo dragon
  8440 | D:9      | Found a staircase to the Lair.
  9125 | D:9      | Reached skill level 5 in Invocations
  9337 | D:9      | Killed a komodo dragon
 10088 | D:9      | Found a staircase to the Orcish Mines.
 10124 | D:9      | Reached XP level 11. HP: 60/75 MP: 0/0
 10124 | D:9      | Learned a level 4 spell: Summon Blazeheart Golem
 10523 | D:10     | Entered Level 10 of the Dungeon
 10523 | D:10     | Received a gift from Nemelex Xobeh
 10545 | D:9      | HP: 2/75 [troll (8)]
 10545 | D:9      | Mangled by a troll

Illustrated notes

Levels and vault maps discovered:
D:1:      minmay_arrival_checkered_box, layout_rooms
D:2:      layout_basic, shapermc_ecumenical_altar_flowoftime, serial_shops,
          nicolae_shop_tiny_waterfront, uniq_jessica
D:3:      layout_loops_corners, minmay_gold_behind_fungi, hex_large,
          uniq_terence
D:4:      layout_cave_pools, chequers_temple_overflow_minitemple,
          minmay_temple_entry_hall
D:5:      layout_gridville, eino_small_chamber_without_monster,
          chequers_serial_rivers_large_b, uniq_ijyb
D:6:      layout_loops_ring
D:7:      layout_basic, nicolae_dithmenos_shadow_blocks,
          lightli_ossuary_entry_decrepit_ruins
D:8:      layout_cave_pools, serial_co_window_serial, co_window_paths_b,
          co_window_corner_a, co_window_paths_a, co_window_corner_a,
          co_window_corner_a, co_window_corner_a, co_window_corner_a,
          co_window_of_opportunity_c, co_window_2corner,
          co_window_of_opportunity_b, co_window_corner_cb, co_window_paths_c,
          co_window_4corner_b, co_window_sun
D:9:      layout_loops_ring, due_lair_maze_entry_diamond, david_orc_5
D:10:     layout_basic, okawaru_gym_becter, enter_trove_2,
          minmay_misc_feat_diagonals
Temple:   eino_temple_rhombus

Skill      XL: |  1  2  3  4  5  6  7  8  9 10 |
---------------+-------------------------------+-----
Fighting       | 1 2 3 4 5 |  5.1
Armour         | 1 2 3 4 |  4.1
Stealth        | 2 |  2.0
Invocations    | 1 2 3 5 |  5.0
Evocations     | 1 2 3 |  3.0
Maces & Flails | 1 2 4 |  4.0
Dodging        | 3 4 |  4.1
Spellcasting   | 4 7 9 |  9.4
Conjurations   | 4 7 9 |  9.4
Hexes          | 4 7 9 |  9.4
Summonings     | 4 7 9 |  9.4
Necromancy     | 4 7 9 |  9.4
Translocations | 4 7 9 |  9.4
Fire Magic     | 4 7 9 |  9.4
Ice Magic      | 4 7 9 |  9.4
Air Magic      | 4 7 9 |  9.4
Earth Magic    | 4 7 9 |  9.4
Alchemy        | 4 7 9 |  9.4
Shields        | |  0.8

Action                     |  1- 3 |  4- 6 |  7- 9 | 10-12 || total
---------------------------+-------+-------+-------+-------++-------
  Melee: Dagger            |       |     4 |       |       ||     4
         Mace              |       |       |     5 |     4 ||     9
   Cast: Magic Dart        |    68 |    83 |   100 |    54 ||   305
         Call Imp          |       |     7 |    25 |    17 ||    49
         Scorch            |       |    21 |   108 |   100 ||   229
         Mephitic Cloud    |       |     1 |     3 |     3 ||     7
         Slow              |       |     1 |     1 |     2 ||     4
         Searing Ray       |       |       |    19 |     5 ||    24
         Animate Armour    |       |       |     1 |    13 ||    14
         Summon Blazeheart |       |       |       |     2 ||     2
    Use: Scroll            |       |     2 |     7 |     4 ||    13
         Potion            |       |       |       |     2 ||     2
   Stab: Sleeping          |       |       |       |     2 ||     2
 Armour: Robe              |     7 |     4 |       |       ||    11
         Leather armour    |       |     8 |    43 |    61 ||   112
  Dodge: Dodged            |     6 |    11 |    33 |    49 ||    99

Table legend: (Time is in decaauts)
 A = Elapsed time spent in this place.
 B = Non-inter-level travel time spent in this place.
 C = Inter-level travel time spent in this place.
 D = Time resting spent in this place.
 E = Time spent auto-exploring this place.
 F = Levels seen in this place.
 G = Mean time per level.
                   A        B        C        D        E       F      G
               +--------+--------+--------+--------+--------+-----+--------+
         Total |  10556 |   9879 |    677 |   1750 |   6582 |  12 |  879.7 |
       Dungeon |  10141 |   9506 |    635 |   1682 |   6389 |  10 | 1014.1 |
        Temple |     59 |     17 |     42 |      0 |      0 |   1 |   59.0 |
       Ossuary |    354 |    354 |      0 |     68 |    193 |   1 |  354.0 |
               +--------+--------+--------+--------+--------+-----+--------+

Top non-repeatable levels by time:
     D:8: 1701 daAuts
     D:9: 1596 daAuts
     D:5: 1561 daAuts
     D:7: 1219 daAuts
     D:6: 1079 daAuts
     D:3: 922 daAuts
     D:2: 847 daAuts
     D:4: 645 daAuts
     D:1: 543 daAuts
 Ossuary: 354 daAuts
  Temple: 59 daAuts
    D:10: 24 daAuts
